 Dungeon Crawl Stone Soup version 0.28-a0-1152-g9c71ebef14 (webtiles) character file.

Game seed: 7807911940316616821

308 spaghetti the Skirmisher (level 6, -1/42 HPs)
             Began as a Tengu Delver on Dec 14, 2021.
             Was a Follower of Cheibriados.
             Succumbed to an orc wizard's poison
             ... on level 3 of the Dungeon.
             The game lasted 00:03:24 (1608 turns).

spaghetti the Skirmisher (Tengu Delver)             Turns: 1608, Time: 00:03:24

Health: -1/42      AC: 10    Str: 16 (17) XL:     6   Next: 40%
Magic:  5/7        EV: 15    Int: 10 (12) God:    Cheibriados [*.....]
Gold:   88         SH:  0    Dex: 16 (17) Spells: 5/5 levels left

rFire   . . .      SeeInvis .   k - +0 falchion (protect) {long}
rCold   . . .      Faith    .   (no shield)
rNeg    . . .      Spirit   .   b - +0 leather armour
rPois   .          Reflect  .   (helmet restricted)
rElec   .          Harm     .   (no cloak)
rCorr   .          Rampage  .   (no gloves)
Will    .....                   (boots unavailable)
Stlth   +++.......              j - amulet of magic regeneration {@e2}
HPRegen 0.14/turn               (no ring)
MPRegen 0.50/turn               (no ring)

@: lethally poisoned (-1 -> -20), under a protective aura, flying quickly and
evasively, very slow
A: beak, talons 3, nimble flight
a: Renounce Religion, Bend Time


You were on level 3 of the Dungeon.
You worshipped Cheibriados.
Cheibriados was aware of your devotion.
You visited 1 branch of the dungeon, and saw 4 of its levels.

You collected 88 gold pieces.


Innate Abilities, Weirdness & Mutations

You have a beak for a mouth.
You have claws for feet.
Your magical nature lets you fly swiftly and evasively.


   Skills:
 + Level 6.5 Fighting
 - Level 2.1 Long Blades
 + Level 1.4 Armour
 + Level 2.8 Dodging
 - Level 5.0 Stealth


You had 5 spell levels left.
You didn't know any spells.
Your spell library contained the following spells:

 Spells                   Type           Power      Damage    Failure   Level
 Sting                    Tmut/Pois      0%         1d3       43%         1
 Poisonous Vapours        Pois/Air       0%         N/A       56%         2
 Ignite Poison            Fire/Tmut/Pois 0%         N/A       80%         3
 Mephitic Cloud           Conj/Pois/Air  0%         N/A       80%         3
 Olgreb's Toxic Radiance  Pois           0%         N/A       99%         4
 Freezing Cloud           Conj/Ice/Air   0%         6-21      100%        5

Inventory:

Hand Weapons
 a - a +1 falchion of flaming {long}
 k - a +0 falchion of protection (weapon) {long}
   (You found it on level 3 of the Dungeon)
Missiles
 f - 55 stones (quivered) {throwing}
Armour
 b - a +0 leather armour (worn)
Jewellery
 j - an amulet of magic regeneration (around neck) {@e2}
   (You found it on level 3 of the Dungeon)
Wands
 e - a wand of iceblast (7)
   (You found it on level 4 of the Dungeon)
 g - a wand of digging (3)
Scrolls
 c - a scroll of fog
 d - a scroll of magic mapping {!r}
 h - a scroll of enchant weapon
Potions
 l - a potion of flight
 m - a potion of haste {forbidden@q3}

Dungeon Overview and Level Annotations

Branches:
Dungeon (6/15)
 Temple: D:4-7

Altars:
Cheibriados
Okawaru

Shops:
D:3

( ####### #.....#
####.....# $.......#
# ....##. #...o.#
##.......#. #{#
.#.....#...#####.#
...............#@###
...........#.......#
.#.....##..#.......#
...................#
.#.....#...........#
##.........(.......#
##......#.#..####..#
....#.###.#..## #.#
..#...>...#...## #.#


You could see an orc.


Message History

Unknown command.
Unknown command.
Okay, then.
You feel sick. 😮 HP[-1]
You take 1 damage, and now have 25/42 hp.
It was a potion of degeneration.
There was something very wrong with that liquid.
You feel weakened.
You feel dopey.
You feel clumsy.
You feel sick. The orc misses you. 😮 HP[-1]
You take 1 damage, and now have 24/42 hp.
Unknown command.
Unknown command.
Okay, then.
You are too confused!
Unknown command.
You hit the orc but do no damage. You claw the orc!
You kill the orc!
Cheibriados thoroughly appreciates the change of pace.
You feel sick.
The orc wizard casts a spell.
The orc wizard flickers and vanishes!
Deactivating autopickup; reactivate with Ctrl-A.
The orc misses you. 😮 HP[-1]
You take 1 damage, and now have 23/42 hp.
You bump into the rock wall.
You feel sick.
The orc priest hits you but does no damage.
The orc completely misses you. 😮 HP[-1]
You take 1 damage, and now have 22/42 hp.
Unknown command.
You bump into the rock wall.
You feel less confused. The orc priest misses you.
The orc hits you but does no damage.
Unknown command.
Unknown command.
You closely miss the orc priest. You peck the orc priest.
You kill the orc priest!
Cheibriados appreciates the change of pace.
You feel sick.
The orc hits you but does no damage. 😨 HP[-1]
You take 1 damage, and now have 21/42 hp.
Unknown command.
You miss something. Your kick misses something. Your peck misses something.
You feel sick. Something hits you.
* * * LOW HITPOINT WARNING * * *
You are more poisoned.
The orc barely misses you. 😨 HP[-3]
You take 3 damage, and now have 18/42 hp.
Unknown command.
Okay, then.
Okay, then.
Okay, then.
Okay, then.
Okay, then.
Unknown command.
Unknown command.
Unknown command.
Unknown command.
Unknown command.
Okay, then.
Unknown command.
You slash something!
Your weapon exudes an aura of protection.
You feel very sick. Something hits you.
* * * LOW HITPOINT WARNING * * *
You are more poisoned.
The orc barely misses you.
Something hits you but does no damage. 😨 HP[-7]
You take 7 damage, and now have 11/42 hp.
Unknown command.
Unknown command.
You hit something but do no damage. You claw something.
Your peck misses something.
* * * LOW HITPOINT WARNING * * *
You feel very sick. The orc misses you. Something hits you.
* * * LOW HITPOINT WARNING * * *
You are more poisoned.
The orc closely misses you. 😱 HP[-4]
You take 4 damage, and now have 7/42 hp.
Unknown command.
The flow of time bends around you.
Cheibriados rebukes something.
* * * LOW HITPOINT WARNING * * *
You feel very sick.
The orc closely misses you. 😱 HP[-4] MP[-3]
You take 4 damage, and now have 3/42 hp.
You lost 3 mp, and now have 4/7 mp.
Unknown command.
Unknown command.
Unknown command.
Okay, then.
You die...

Skill      XL: |  1  2  3  4  5  6 |
---------------+-------------------+-----
Fighting       | 5 6 |  6.5
Armour         | 1 |  1.4
Long Blades    | |  2.1
Dodging        | |  2.8
Stealth        | |  5.0

Action                   |  1- 3 |  4- 6 || total
-------------------------+-------+-------++-------
Melee: Falchion          |     7 |   109 ||   116
       Kick              |     3 |    18 ||    21
       Peck              |     2 |    14 ||    16
Invok: Bend Time         |       |     1 ||     1
  Use: Potion            |     1 |     1 ||     2
       Scroll            |       |     6 ||     6
 Stab: Sleeping          |       |     4 ||     4
Armor: Leather armour    |     2 |    32 ||    34
Dodge: Dodged            |     4 |   108 ||   112

Levels and vault maps discovered:
D:3:      layout_rooms, nicolae_hepliaklqana_monster_ancestors, serial_shops,
          nicolae_shop_statue_plus
D:4:      layout_gridville, kennysheep_little_box, lemuel_crystal_altar,
          chequers_serial_rivers_micro_b, minmay_statues_item
D:5:      layout_basic, serial_co_window_serial, co_window_paths_a,
          co_window_paths_a, co_window_of_opportunity_a, co_window_corner_a,
          co_window_corner_a, co_window_broadway_c, co_window_corner_b,
          co_window_corner_b, co_window_corner_b, co_window_2corner,
          co_window_broadway_a, co_window_paths_e, glass_columns_a,
          glass_columns_c, glass_columns_a, glass_columns_b, uniq_prince_ribbit1
D:6:      layout_gridville, uniq_grinder, uniq_eustachio

Notes
Turn   | Place    | Note
-------+----------+-------------------------------------------
     0 | D:5      | spaghetti the Tengu Delver began the quest for the Orb.
     0 | D:5      | Reached XP level 1. HP: 14/14 MP: 2/2
     0 | D:5      | magus.rc [v1.9.6]
    16 | D:5      | Noticed a scorpion
    29 | D:6      | Noticed a necrophage
    40 | D:6      | Killed a necrophage
    41 | D:6      | Reached skill level 5 in Fighting
    41 | D:6      | Reached XP level 2. HP: 18/21 MP: 3/3
    41 | D:6      | Reached XP level 3. HP: 23/26 MP: 4/4
    41 | D:6      | Reached XP level 4. HP: 27/31 MP: 5/5
   105 | D:6      | Noticed a water moccasin
   116 | D:5      | Gained mutation: Your magical nature lets you fly swiftly
                  | and evasively. [Tengu growth]
   116 | D:5      | Reached XP level 5. HP: 14/35 MP: 6/6
   784 | D:4      | Found an iron altar of Okawaru.
   806 | D:4      | You add the spells Sting, Poisonous Vapours and Olgreb's
                  | Toxic Radiance to your library.
   840 | D:4      | Reached skill level 6 in Fighting
   940 | D:4      | Found a snail-covered altar of Cheibriados.
  1018 | D:4      | Became a worshipper of Cheibriados the Contemplative
  1070 | D:5      | Noticed a black bear
  1239 | D:3      | Found Urewk's Weapon Shoppe.
  1279 | D:3      | Reached XP level 6. HP: 42/42 MP: 7/7
  1428 | D:3      | You add the spells Ignite Poison, Mephitic Cloud and
                  | Freezing Cloud to your library.
  1465 | D:3      | Reached skill level 1 in Armour
  1585 | D:3      | Reached * piety under Cheibriados
  1606 | D:3      | HP: 8/42 [poisoned by an orc wizard]
  1607 | D:3      | HP: 3/42 [poisoned by an orc wizard]
  1608 | D:3      | Succumbed to an orc wizard's poison

Vanquished Creatures
  A necrophage (D:6)
  A bullfrog zombie (D:3)
  A hound (D:4)
  3 orc priests
  3 adders
  2 worms (D:3)
  A dart slug (D:3)
  4 orcs
  An endoplasm (D:3)
  3 giant cockroaches (D:3)
  3 goblins
  A hobgoblin (D:4)
  3 jackals (D:4)
  3 quokkas
  2 ball pythons
  A frilled lizard (D:3)
  2 kobolds
  A rat (D:3)
36 creatures vanquished.

Table legend:
 A = Non-vault XP
 B = Vault XP
 C = Vault XP percentage of total XP
 D = Non-vault monster count
 E = Vault monster count
 F = Vault count percentage of total count
                 A         B        C        D         E       F
            +---------+---------+-------+---------+---------+-------
      Total |     440 |       0 |   0.0 |      36 |       0 |   0.0
            +---------+---------+-------+---------+---------+-------
        D:3 |     142 |       0 |   0.0 |      19 |       0 |   0.0
        D:4 |     131 |       0 |   0.0 |      15 |       0 |   0.0
        D:5 |      43 |       0 |   0.0 |       1 |       0 |   0.0
        D:6 |     124 |       0 |   0.0 |       1 |       0 |   0.0
            +---------+---------+-------+---------+---------+-------

Illustrated notes

Table legend:
 A = Kills in this place as a percentage of kills in entire the game.
 B = Kills by you in this place as a percentage of kills by you in the entire game.
 C = Kills by friends in this place as a percentage of kills by friends in the entire game.
 D = Other kills in this place as a percentage of other kills in the entire game.
 E = Experience gained in this place as a percentage of experience gained in the entire game.
 F = Experience gained in this place divided by the number of levels of this place that you have seen.
                   A       B       C       D       E      F
               +-------+-------+-------+-------+-------+----------------------
         Total | 100.0 | 100.0 |   N/A |   N/A | 100.0 | 110.0
       Dungeon | 100.0 | 100.0 |   N/A |   N/A | 100.0 | 110.0
               +-------+-------+-------+-------+-------+----------------------

Table legend: (Time is in decaauts)
 A = Elapsed time spent in this place.
 B = Non-inter-level travel time spent in this place.
 C = Inter-level travel time spent in this place.
 D = Time resting spent in this place.
 E = Time spent auto-exploring this place.
 F = Levels seen in this place.
 G = Mean time per level.
                   A        B        C        D        E       F      G
               +--------+--------+--------+--------+--------+-----+--------+
         Total |   1647 |   1552 |     95 |    214 |    957 |   4 |  411.8 |
       Dungeon |   1647 |   1552 |     95 |    214 |    957 |   4 |  411.8 |
               +--------+--------+--------+--------+--------+-----+--------+

Top non-repeatable levels by time:
     D:4: 1033 daAuts
     D:3: 480 daAuts
     D:5: 69 daAuts
     D:6: 64 daAuts
